 Dungeon Crawl Stone Soup version 0.30-a0-159-g068b764562 (webtiles) character file.

Game seed: 4449260484551033815

105 IdlyInterested the Cutter (level 4, -1/35 HPs)
             Began as a Demonspawn Gladiator on Sept 27, 2022.
             Slain by an ice beast (10 damage)
             ... on level 3 of the Dungeon.
             The game lasted 00:06:28 (2915 turns).

IdlyInterested the Cutter (Demonspawn Gladiator)    Turns: 2915, Time: 00:06:29

Health: -1/35      AC:  8    Str: 15    XL:     4   Next: 54%
Magic:  4/4        EV: 11    Int: 11    God:
Gold:   12         SH:  3    Dex: 14    Spells: 3/3 levels left

rFire   . . .      SeeInvis .    h - +2 short sword (venom)
rCold   . . .      Faith    .    j - +0 buckler
rNeg    . . .      Spirit   .    w - +0 ring mail
rPois   .          Reflect  .    c - +0 helmet
rElec   .          Harm     .    (no cloak)
rCorr   .          Rampage  .    (no gloves)
Will    +....                    (no boots)
Stlth   +.........               (no amulet)
HPRegen 0.11/turn                k - ring of willpower
MPRegen 0.09/turn                p - ring of wizardry

@: no status effects
A: thin metallic scales 1, weakness stinger 2
a: no special abilities


You were on level 3 of the Dungeon.
You visited 1 branch of the dungeon, and saw 3 of its levels.

You collected 182 gold pieces.
You spent 170 gold pieces at shops.

Inventory:

Hand Weapons
 a - a +0 rapier
 h - a +2 short sword of venom (weapon)
Missiles
 d - 3 throwing nets
 e - a javelin
 f - 33 stones (quivered)
 y - 5 poisoned darts
Armour
 b - a +0 leather armour
 c - a +0 helmet (worn)
 j - a +0 buckler (worn)
 w - a +0 ring mail (worn)
Magical Staves
 q - a staff of conjuration
Jewellery
 k - a ring of willpower (left hand)
 p - a ring of wizardry (right hand)
Wands
 x - a wand of acid (7)
Scrolls
 g - 2 scrolls of teleportation
 o - a scroll of enchant weapon {unknown}
 s - a scroll of blinking {unknown}
 t - a scroll of fear {unknown}
 u - 2 scrolls of vulnerability {unknown}
 v - a scroll of fog {unknown}
Potions
 i - 2 potions of mutation {unknown}
 l - a potion of heal wounds {unknown}
 m - 2 potions of curing {unknown}
 n - 3 potions of magic {unknown}
 r - 2 potions of haste {unknown}


   Skills:
 + Level 3.0 Fighting
 + Level 3.2 Short Blades
 - Level 2.0 Throwing
 - Level 1.0 Armour
 * Level 2.9 Dodging
 + Level 1.7 Stealth
 - Level 1.0 Evocations


You had 3 spell levels left.
You didn't know any spells.
Your spell library contained the following spells:

 Spells                   Type           Power      Damage    Failure   Level
 Foxfire                  Conj/Fire      0%         2x1d4     34%         1
 Fireball                 Conj/Fire      0%         3d3       100%        5
 Starburst                Conj/Fire      0%         6d3       100%        6


Dungeon Overview and Level Annotations

Branches:
Dungeon (3/15)

Altars:

Shops:
D:3 *


Innate Abilities, Weirdness & Mutations

You are partially covered in thin metallic scales. (AC +2)
You have a tail ending in a sharp stinger.


Message History

There is an open door here.
Throw: 36 stones
Press: ? - help, Q - select action, (/) - cycle Shift-Dir - straight line, f - ice beast
Aim: an ice beast (60% to hit)
You throw a stone. The stone closely misses the ice beast.
Throw: 35 stones
Press: ? - help, Q - select action, (/) - cycle Shift-Dir - straight line, f/p - ice beast
Aim: an ice beast (60% to hit)
You throw a stone. The stone closely misses the ice beast.
Throw: 34 stones
Press: ? - help, Q - select action, (/) - cycle Shift-Dir - straight line, f/p - ice beast
Aim: an ice beast (60% to hit)
You throw a stone. The stone closely misses the ice beast.
You hit the ice beast.
The ice beast is lightly wounded.
You block the ice beast's attack.
You hit the ice beast but do no damage.
The ice beast is lightly wounded.
The ice beast hits you. The ice beast freezes you.
You hit the ice beast. You tail-slap the ice beast.
The ice beast is lightly wounded.
The ice beast misses you.
You hit the ice beast but do no damage.
The ice beast is poisoned.
Your tail-slap misses the ice beast.
The ice beast is lightly wounded.
The ice beast hits you. The ice beast freezes you!
You barely miss the ice beast.
The ice beast is lightly wounded.
You block the ice beast's attack.
You closely miss the ice beast.
The ice beast is lightly wounded.
You closely miss the ice beast.
The ice beast is lightly wounded.
The ice beast hits you but does no damage.
You hit the ice beast but do no damage. You tail-slap the ice beast.
The ice beast is moderately wounded.
The ice beast hits you.
* * * LOW HITPOINT WARNING * * *
The ice beast freezes you!
You die...

#######
####################.......
................@Y.'.......
#######.....########.......
#....♣..## .......
#....P...# .Y.....
#........# .......
#........# ....###
#........# ####. #........#
.. #........#


You could see an ice beast (very poisoned).

Vanquished Creatures
  Terence (D:2)
  3 adders
  A worm (D:2)
  A dart slug (D:1)
  3 orcs (D:3)
  10 ball pythons
  2 bats (D:1)
  5 endoplasms
  3 giant cockroaches
  2 goblins
  3 hobgoblins
  A quokka (D:2)
  A frilled lizard (D:1)
  9 kobolds
  4 rats
49 creatures vanquished.

Vanquished Creatures (others)
  A withered plant (D:1)
1 creature vanquished.

Grand Total: 50 creatures vanquished

Notes
Turn   | Place    | Note
-------+----------+-------------------------------------------
     0 | D:1      | IdlyInterested the Demonspawn Gladiator began the quest for
                  | the Orb.
     0 | D:1      | Reached XP level 1. HP: 16/16 MP: 1/1
   554 | D:1      | Gained mutation: You are partially covered in thin metallic
                  | scales. (AC +2) [demonic ancestry]
   554 | D:1      | Reached XP level 2. HP: 10/22 MP: 2/2
   569 | D:1      | Reached skill level 1 in Armour
   806 | D:1      | Found a faded altar of an unknown god.
  1161 | D:1      | Reached skill level 1 in Stealth
  1493 | D:2      | Gained mutation: You have a small tail. [demonic ancestry]
  1493 | D:2      | Reached XP level 3. HP: 19/28 MP: 3/3
  1613 | D:2      | Reached skill level 1 in Evocations
  1831 | D:2      | Noticed Terence
  1844 | D:2      | Killed Terence
  1845 | D:2      | Gained mutation: You have a tail ending in a sharp stinger.
                  | [demonic ancestry]
  1845 | D:2      | Reached XP level 4. HP: 20/34 MP: 4/4
  2776 | D:3      | Found Geameray's Assorted Antiques.
  2792 | D:3      | Bought a scroll labelled XOGUOT CIHI for 22 gold pieces
  2792 | D:3      | Bought a fuming puce potion for 19 gold pieces
  2792 | D:3      | Bought a scroll labelled IMOUXO ALUPS for 22 gold pieces
  2792 | D:3      | Bought a murky clear potion for 19 gold pieces
  2825 | D:3      | Bought a copper wand for 88 gold pieces
  2901 | D:3      | Noticed an ice beast
  2915 | D:3      | Slain by an ice beast

Illustrated notes

Levels and vault maps discovered:
D:1:      evilmike_arrival_rings, layout_basic, shapermc_ecumenical_altar_gd,
          minmay_pentomino_w4
D:2:      layout_basic, basic_altar, uniq_terence
D:3:      layout_basic, serial_shops, nicolae_shop_overgrown_old_shop,
          serial_park_tiny_1, minmay_mini_jars

Skill      XL: |  1  2  3  4 |
---------------+-------------+-----
Armour         | 1 |  1.0
Stealth        | 1 |  1.7
Short Blades   | 3 |  3.2
Evocations     | 1 |  1.0
Throwing       | 2 |  2.0
Fighting       | 3 |  3.0
Dodging        | |  2.9

Action                   |  1- 3 |  4- 6 || total
-------------------------+-------+-------++-------
Melee: Rapier            |    37 |       ||    37
       Short sword       |    61 |    56 ||   117
       Tailslap          |     6 |     7 ||    13
Throw: Stone             |     2 |     3 ||     5
  Use: Scroll            |     2 |     1 ||     3
 Stab: Sleeping          |     4 |       ||     4
Armor: Leather armour    |    23 |    10 ||    33
       Chain mail        |       |    13 ||    13
       Ring mail         |       |     5 ||     5
Dodge: Dodged            |    61 |    30 ||    91
Block: Buckler           |     3 |     9 ||    12

Table legend: (Time is in decaauts)
 A = Elapsed time spent in this place.
 B = Non-inter-level travel time spent in this place.
 C = Inter-level travel time spent in this place.
 D = Time resting spent in this place.
 E = Time spent auto-exploring this place.
 F = Levels seen in this place.
 G = Mean time per level.
                   A        B        C        D        E       F      G
               +--------+--------+--------+--------+--------+-----+--------+
         Total |   2906 |   2692 |    214 |    805 |   1370 |   3 |  968.7 |
       Dungeon |   2906 |   2692 |    214 |    805 |   1370 |   3 |  968.7 |
               +--------+--------+--------+--------+--------+-----+--------+

Top non-repeatable levels by time:
     D:1: 1455 daAuts
     D:2: 1000 daAuts
     D:3: 450 daAuts
